 Dungeon Crawl Stone Soup version 0.20-a0-903-g7e3609c (webtiles) character file.

6151 Goblin1989 the Cleaver (level 10, 0/96 HPs)
             Began as a Deep Dwarf Artificer on Mar 20, 2017.
             Was a Believer of Makhleb.
             Slain by a two-headed ogre
             ... wielding a +0 giant club
              (16 damage)
             ... on level 10 of the Dungeon.
             The game lasted 00:26:18 (7609 turns).

Goblin1989 the Cleaver (Deep Dwarf Artificer)       Turns: 7609, Time: 00:26:18

Health: 0/96       AC: 11    Str: 17 (19) XL:     10   Next: 59%
Magic:  4/4        EV: 13    Int: 11 (12) God:    Makhleb [**....]
Gold:   376        SH:  4    Dex: 12 (13) Spells: 9/9 levels left

rFire    . . .     SeeInvis .   g - +2 broad axe
rCold    . . .     Gourm    .   G - +0 scale mail
rNeg     . . .     Faith    .   (no shield)
rPois    .         Spirit   .   (no helmet)
rElec    .         Reflect  +   (no cloak)
rCorr    .         Harm     .   s - +0 pair of gloves
MR       +++..                  (no boots)
Stlth    ..........             k - +4 amulet of reflection
Regen    0.0/turn               m - ring of protection from magic
MPRegen  0.1/turn               H - ring of protection from magic

@: lethally poisoned (0 -> 0), non-regenerating, slowed, very slow
A: damage resistance, heal wounds, icy blue scales 1, deterioration 1, sense
surroundings 2, no regeneration
a: Heal Wounds, Minor Destruction, Renounce Religion


You were on level 10 of the Dungeon.
You worshipped Makhleb.
Makhleb was pleased with you.
You were not hungry.

You visited 2 branches of the dungeon, and saw 11 of its levels.

You collected 428 gold pieces.
You spent 52 gold pieces at shops.

Inventory:

Hand Weapons
 g - a +2 broad axe (weapon)
Missiles
 D - 3 javelins of returning (quivered)
 Z - 3 throwing nets {!d, =f}
Armour
 s - a +0 pair of gloves (worn)
 G - a +0 scale mail (worn)
Jewellery
 k - a +4 amulet of reflection (around neck)
 m - a ring of protection from magic (right hand)
 H - a ring of protection from magic (left hand)
 K - an uncursed ring of ice
Wands
 c - a wand of flame (15/48)
 f - a wand of random effects (9/48)
 o - a wand of flame (14/48)
 p - a wand of enslavement (4/24)
 A - a wand of acid (0/15)
 E - a wand of enslavement (10/24)
 I - a wand of iceblast (0/15)
Scrolls
 i - 2 scrolls of immolation
 y - 3 scrolls of fear
 J - a scroll of amnesia
 M - 6 scrolls of magic mapping
 R - 10 scrolls of identify {@r1}
 T - 5 scrolls of teleportation {!r, @r3}
Potions
 b - 3 potions of flight
 t - a potion of curing {@q1}
 w - 3 potions of brilliance
 B - a potion of magic
 F - 3 potions of degeneration
Comestibles
 a - 9 chunks of flesh
 d - 2 royal jellies
 e - 8 bread rations {@e1}
 v - 3 fruits
 C - 3 meat rations {@e2}


   Skills:
 + Level 7.7 Fighting
   Level 0.8 Short Blades
 * Level 10.2 Axes
 + Level 8.5 Armour
 + Level 6.7 Dodging
 - Level 1.2 Stealth
 * Level 2.6 Invocations
 - Level 4.0 Evocations


You had 9 spell levels left.
You didn't know any spells.

Dungeon Overview and Level Annotations

Branches:
Dungeon (10/15)            Temple (1/1) D:5            Lair (0/6) D:9
    Orc: D:9-12

Altars:
Ashenzari
Cheibriados
Dithmenos
Fedhas
Hepliaklqana
Kikubaaqudgha
Makhleb
Nemelex Xobeh
Okawaru
Qazlal
Sif Muna
Uskayaw
Vehumet
Wu Jian
Xom
The Shining One

Shops:
D:7 (


Innate Abilities, Weirdness & Mutations

You are resistant to damage.
You can heal yourself by infusing magical energy.
You passively map the area around you.
You do not regenerate.
You are partially covered in icy blue scales. (AC +2)
Your body sometimes deteriorates upon taking damage.


Message History

You feel very sick. You block the hornet's attack.
The two-headed ogre hits you but does no damage.
You block the two-headed ogre's attack. The hornet stings you!
* * * LOW HITPOINT WARNING * * *
You are lethally poisoned!
You feel as though you will be slow longer.
A howler monkey comes into view.
You regained 11 hp, and now have 15/96 hp.
Okay, then.
You feel better.
The howler monkey howls!
The hornet stings you but does no damage.
The howler monkey hoots and howls with incredible vigour!
The hornet barely misses you.
The two-headed ogre hits you with a giant club.
* * * LOW HITPOINT WARNING * * *
The two-headed ogre closely misses you.
You regained 7 hp, and now have 22/96 hp.
You feel much better. The hornet stings you.
You feel as though you will be slow longer.
The hornet misses you. The two-headed ogre closely misses you.
The two-headed ogre barely misses you.
You regained 21 hp, and now have 43/96 hp.
Unknown command.
Your magical essence is drained by the effort!
You feel much better. The hornet stings you!
You are poisoned.
You suddenly lose the ability to move!
The two-headed ogre barely misses you.
The two-headed ogre hits you with a giant club!
Your body deteriorates!
You feel weakened.
The hornet stings you but does no damage.
The hornet stings you.
You feel as though you will be slow longer.
The two-headed ogre hits you with a giant club!
* * * LOW HITPOINT WARNING * * *
The two-headed ogre hits you with a giant club!
* * * LOW HITPOINT WARNING * * *
The hornet stings you!
* * * LOW HITPOINT WARNING * * *
You feel as though you will be slow longer.
You can move again.
You take 25 damage, and have 18/96 hp.
MASSIVE DAMAGE!!
You now have 4/4 mp.
Unknown command.
You feel much better. The hornet barely misses you.
The howler monkey barely misses you. The two-headed ogre barely misses you.
You block the two-headed ogre's attack. The hornet completely misses you.
The howler monkey hits you but does no damage.
You regained 30 hp, and now have 48/96 hp.
Unknown command.
You feel much better. The hornet barely misses you.
The two-headed ogre closely misses you. The two-headed ogre barely misses you.
The howler monkey barely misses you. The hornet closely misses you.
The howler monkey barely misses you. The hornet barely misses you.
You regained 24 hp, and now have 72/96 hp.
Unknown command.
You barely miss the hornet.
The hornet is almost dead.
You hit the two-headed ogre. You closely miss the howler monkey.
The hornet closely misses you.
The two-headed ogre hits you with a giant club! x2
You block the howler monkey's attack. The hornet stings you!
You feel as though you will be slow longer.
The two-headed ogre hits you with a giant club!
* * * LOW HITPOINT WARNING * * *
Your body deteriorates!
You feel weakened. The two-headed ogre closely misses you.
The howler monkey closely misses you.
You take 34 damage, and have 38/96 hp.
MASSIVE DAMAGE!!
You hit the hornet but do no damage.
The hornet is almost dead.
You hit the howler monkey. You slash the two-headed ogre!
You block the hornet's attack.
The howler monkey hoots and howls with incredible vigour!
The hornet closely misses you. The two-headed ogre closely misses you.
The two-headed ogre hits you with a giant club!
* * * LOW HITPOINT WARNING * * *
Your body deteriorates!
You feel dopey. The howler monkey misses you.
The hornet stings you but does no damage.
You hear a shout! x2
You take 12 damage, and have 26/96 hp.
You barely miss the hornet.
The hornet is almost dead.
You closely miss the howler monkey.
You hit the two-headed ogre but do no damage.
You block the hornet's attack.
The howler monkey hoots and howls with incredible vigour!
The two-headed ogre closely misses you.
The two-headed ogre completely misses you.
The hornet completely misses you. The howler monkey hits you.
Unknown command.
You slash the hornet!
You kill the hornet!
Makhleb accepts your kill.
You hit the howler monkey. You hit the two-headed ogre.
The two-headed ogre hits you with a giant club!
* * * LOW HITPOINT WARNING * * *
Your body deteriorates!
You feel clumsy.
The two-headed ogre hits you with a giant club!!
You die...

█........█..∆.......
·· ·▓
█........█).█.......
· · ·
█........)).█████...
·▓ ▓ █........█..█ .
· · █........█..█ ..
··
█.)......█..█████...·
·
██████████..█.......
· ..........█.......
▓.........O@h......·
..........█)...███
..██......█....▲ ···▓
· █▓▓█......█....█ ·
█.......█....█ ···
█.......█....█··· ▓
█.......█....█ · · ·
██......█....█ ▓ ··▓
▓


You could see a two-headed ogre and a howler monkey.

Vanquished Creatures
  A two-headed ogre (D:8)
  Nergalle (D:10)
  Joseph (D:7)
  A hornet (D:10)
  2 hippogriffs
  Sigmund (D:2)
  3 yaks
  2 humans (D:7)
  2 wargs (D:9)
  An orc warrior (D:10)
  A black bear (D:8)
  A sky beast (D:9)
  2 ice beasts
  3 ogres
  A phantom (D:8)
  4 centaurs
  4 bullfrogs
  3 scorpions
  6 killer bees
  A howler monkey (D:4)
  A crimson imp (D:9)
  3 hounds
  A bullfrog zombie (D:7)
  A centaur skeleton (D:7)
  4 orc wizards
  A quasit (D:5)
  A jelly (D:9)
  2 bullfrog skeletons
  7 iguanas
  A killer bee zombie (D:7)
  5 worker ants
  A hound zombie (D:9)
  12 adders
  A shadow imp (D:6)
  An adder zombie (D:5)
  An adder skeleton (D:7)
  3 worms
  2 dart slugs (D:1)
  2 leopard geckos
  7 orcs
  6 ball pythons
  4 bats
  7 giant cockroaches
  3 hobgoblins
  5 jackals
  3 frilled lizards (D:1)
  A giant cockroach zombie (D:5)
  3 goblins
  8 kobolds
  7 rats
145 creatures vanquished.

Vanquished Creatures (collateral kills)
  A warg (D:9)
  An orc (D:9)
2 creatures vanquished.

Vanquished Creatures (others)
  A troll (D:9)
  A bullfrog (D:7)
  An orc (D:10)
3 creatures vanquished.

Grand Total: 150 creatures vanquished

Notes
Turn   | Place    | Note
-------+----------+-------------------------------------------
     0 | D:1      | Goblin1989 the Deep Dwarf Artificer began the quest for the Orb.
     0 | D:1      | Reached XP level 1. HP: 16/16 MP: 3/3
    24 | D:1      | Reached skill level 1 in Fighting
   142 | D:1      | Reached XP level 2. HP: 19/26 MP: 5/5
   469 | D:1      | Reached XP level 3. HP: 26/33 MP: 6/6
   899 | D:2      | Noticed Sigmund
   910 | D:2      | Killed Sigmund
   910 | D:2      | Reached XP level 4. HP: 36/44 MP: 6/6
   910 | D:2      | Reached XP level 5. HP: 41/50 MP: 7/7
  1550 | D:3      | Reached XP level 6. HP: 46/58 MP: 8/8
  1653 | D:3      | Found a shadowy altar of Dithmenos.
  1776 | D:3      | Found an ornate altar of the Wu Jian Council.
  2615 | D:4      | Reached skill level 1 in Axes
  2725 | D:5      | Entered Level 5 of the Dungeon
  3095 | D:5      | Noticed an ice beast
  3099 | D:5      | Killed an ice beast
  3099 | D:5      | Reached skill level 5 in Fighting
  3099 | D:5      | Reached skill level 2 in Axes
  3099 | D:5      | Reached XP level 7. HP: 58/67 MP: 8/8
  3181 | D:5      | Reached skill level 3 in Axes
  3209 | D:5      | Found a sparkling altar of Nemelex Xobeh.
  3267 | D:5      | Found a staircase to the Ecumenical Temple.
  3276 | Temple   | Entered the Ecumenical Temple
  3286 | Temple   | Became a worshipper of Makhleb the Destroyer
  3565 | D:6      | Reached skill level 5 in Armour
  3735 | D:6      | Reached skill level 4 in Axes
  4502 | D:7      | Reached XP level 8. HP: 34/75 MP: 7/7
  4658 | D:7      | Found Tuelyext's Weapon Boutique.
  4665 | D:7      | Noticed Joseph
  4677 | D:7      | Gained mutation: You are agile. (Dex +2) [potion of mutation]
  4685 | D:7      | Reached skill level 5 in Axes
  4726 | D:7      | Killed Joseph
  4750 | D:7      | Bought a +0 broad axe for 52 gold pieces
  4815 | D:7      | Reached skill level 6 in Axes
  4823 | D:7      | Found an iron altar of Okawaru.
  4983 | D:7      | Found an iron altar of Okawaru.
  5043 | D:7      | Reached * piety under Makhleb
  5043 | D:7      | Gained mutation: You passively map the area around you. [Deep Dwarf growth]
  5043 | D:7      | Reached XP level 9. HP: 64/85 MP: 6/6
  5382 | D:8      | Reached skill level 7 in Axes
  5466 | D:8      | Found a glowing golden altar of the Shining One.
  5466 | D:8      | Found a stormy altar of Qazlal.
  5886 | D:8      | Noticed a two-headed ogre
  5958 | D:8      | Killed a two-headed ogre
  5958 | D:8      | Reached skill level 8 in Axes
  5958 | D:8      | Reached skill level 5 in Dodging
  6051 | D:8      | Found an ancient bone altar of Kikubaaqudgha.
  6101 | D:8      | Found a shimmering altar of Xom.
  6310 | D:9      | Found a staircase to the Lair.
  6324 | D:9      | Noticed a troll
  6326 | D:9      | Reached skill level 9 in Axes
  6329 | D:9      | Reached XP level 10. HP: 49/94 MP: 7/7
  7033 | D:9      | Lost mutation: You are agile. (Dex +2) [potion of mutation]
  7033 | D:9      | Gained mutation: You have sharp toenails. [potion of mutation]
  7033 | D:9      | Gained mutation: You are resistant to hostile enchantments. (MR+) [potion of mutation]
  7033 | D:9      | Gained mutation: You are partially covered in yellow scales. (AC +2) [potion of mutation]
  7033 | D:9      | Gained mutation: You have sharp fingernails. [potion of mutation]
  7034 | D:9      | Lost mutation: You are partially covered in yellow scales. (AC +2) [potion of mutation]
  7034 | D:9      | Lost mutation: You have sharp toenails. [potion of mutation]
  7034 | D:9      | Lost mutation: You have sharp fingernails. [potion of mutation]
  7034 | D:9      | Gained mutation: Scrolls take you a little longer to read. [potion of mutation]
  7034 | D:9      | Gained mutation: You have a somewhat thin skeletal structure. (Dex +2, Stealth) [potion of mutation]
  7035 | D:9      | Lost mutation: Scrolls take you a little longer to read. [potion of mutation]
  7035 | D:9      | Lost mutation: You have a somewhat thin skeletal structure. (Dex +2, Stealth) [potion of mutation]
  7035 | D:9      | Lost mutation: You are resistant to hostile enchantments. (MR+) [potion of mutation]
  7035 | D:9      | Gained mutation: Your body sometimes deteriorates upon taking damage. [potion of mutation]
  7035 | D:9      | Gained mutation: You are partially covered in icy blue scales. (AC +2) [potion of mutation]
  7368 | D:9      | Reached ** piety under Makhleb
  7494 | D:10     | Entered Level 10 of the Dungeon
  7582 | D:10     | Noticed Nergalle
  7587 | D:10     | Noticed a two-headed ogre
  7594 | D:10     | Killed Nergalle
  7594 | D:10     | Reached skill level 10 in Axes
  7596 | D:10     | Paralysed by a hornet for 2 turns
  7598 | D:10     | HP: 4/96 [hornet (3)]
  7602 | D:10     | Paralysed by a hornet for 2 turns
  7609 | D:10     | Slain by a two-headed ogre

Vault maps used:
D:1:      tarquinn_simple_flora_water_a, lexackson_kobold_supper
D:2:      uniq_sigmund
D:3:      overflow_temple_1_default, lemuel_round_altar
D:5:      lemuel_round_altar, lemuel_temple_firewalk_b, first_bread
D:7:      kennysheep_mini, serial_shops, nicolae_shop_statue_plus,
          minmay_misc_feat_plants, serial_bayou_pond_a, okawaru_humans,
          uniq_joseph
D:8:      nicolae_overflow_hidden_temple, marbit_many_paths,
          chequers_temple_overflow_statue_of_worship
D:9:      erik_lair_orcish_takeover
D:10:     basic_altar, uniq_sonja, uniq_nergalle, uniq_maurice
Temple:   nicolae_temple_great_sept

Skill      XL: |  1  2  3  4  5  6  7  8  9 10 |
---------------+-------------------------------+-----
Fighting       | 1 2 4 5 6 7 |  7.7
Armour         | 3 4 5 6 7 8 |  8.5
Axes           | 2 4 6 9 10 | 10.2
Dodging        | 4 5 6 |  6.7
Invocations    | 2 |  2.6
Short Blades   | |  0.8
Stealth        | |  1.2
Evocations     | |  4.0

Action                   |  1- 3 |  4- 6 |  7- 9 | 10-12 || total
-------------------------+-------+-------+-------+-------++-------
Melee: Short sword       |   127 |       |       |       ||   127
       Scythe            |       |   147 |       |       ||   147
       Hand axe          |       |    27 |   232 |       ||   259
       Broad axe         |       |       |   177 |   153 ||   330
 Abil: Heal Wounds       |     2 |     3 |    18 |    10 ||    33
Evoke: Wand              |     3 |     6 |    31 |     4 ||    44
  Use: Potion            |       |       |    10 |     5 ||    15
       Scroll            |       |       |       |     9 ||     9
 Stab: Sleeping          |       |     1 |       |       ||     1
       Invisible         |       |       |     7 |       ||     7
  Eat: Chunk             |       |     8 |    11 |     4 ||    23
Armor: Leather armour    |    35 |       |       |       ||    35
       Ring mail         |    16 |   106 |    47 |       ||   169
       Scale mail        |       |       |   119 |    88 ||   207
       Skin              |       |       |     5 |       ||     5
Dodge: Dodged            |   113 |   168 |   287 |   172 ||   740
Block: Other             |       |       |       |    33 ||    33
       Reflection        |       |       |       |     2 ||     2

Vault maps used:
D:1:      tarquinn_simple_flora_water_a, lexackson_kobold_supper
D:2:      uniq_sigmund
D:3:      overflow_temple_1_default, lemuel_round_altar
D:5:      lemuel_round_altar, lemuel_temple_firewalk_b, first_bread
D:7:      kennysheep_mini, serial_shops, nicolae_shop_statue_plus,
          minmay_misc_feat_plants, serial_bayou_pond_a, okawaru_humans,
          uniq_joseph
D:8:      nicolae_overflow_hidden_temple, marbit_many_paths,
          chequers_temple_overflow_statue_of_worship
D:9:      erik_lair_orcish_takeover
D:10:     basic_altar, uniq_sonja, uniq_nergalle, uniq_maurice
Temple:   nicolae_temple_great_sept
